 Dungeon Crawl Stone Soup version 0.30-b1-2-g02819fbbbe (webtiles) character file.

Game seed: 4175949584231041503

9711 Alarkh the Basher (level 11, 0/77 HPs)
             Began as an Octopode Chaos Knight on May 16, 2023.
             Was a Plaything of Xom.
             Slain by a raiju (4 damage)
             ... on level 1 of the Abyss on May 20, 2023.
             The game lasted 00:28:36 (10856 turns).

Alarkh the Basher (Octopode Chaos Knight)          Turns: 10856, Time: 00:28:37

Health: 0/77       AC:  1    Str: 13    XL:     11   Next: 50%
Magic:  11/11      EV: 13    Int: 14    God:    Xom [....*.]
Gold:   357        SH:  8    Dex:  7    Spells: 10/10 levels left

rFire   + . .        q - +4 morningstar
rCold   + . .        d - +3 buckler
rNeg    + . .        (helmet restricted)
rPois   +            v - amulet of the acrobat
rElec   +            j - ring of positive energy
rCorr   +            F - ring of wizardry
SInv    .            (no ring)
Will    .....        (no ring)
Stlth   +++++        (no ring)
HPRegen 0.32/turn    (no ring)
MPRegen 0.12/turn    (no ring)
                     (no ring)

%: random rage (3%), acrobat, wizardry (x1)
@: resistant
A: almost no armour, amphibious, 8 rings, camouflage 1, gelatinous body 1,
(nimble swimmer 1), tentacles, fangs 1, berserk 1, MP-powered wands, [clumsy 2],
[dopey 2]
a: Renounce Religion


You were on level 1 of the Abyss.
You worshipped Xom.
You were a beloved toy of Xom.
You visited 2 branches of the dungeon, and saw 10 of its levels.
You visited the Abyss 1 time.
You also visited: Ossuary.

You collected 572 gold pieces.
You spent 215 gold pieces at shops.

Inventory:

Hand Weapons
 c - a +2 whip of electrocution
 q - a +4 morningstar (weapon)
Missiles
 z - 6 throwing nets
Armour
 d - a +3 buckler (worn)
Jewellery
 j - a ring of positive energy (left tentacle)
 v - an amulet of the acrobat (around mantle)
 E - a ring of fire
 F - a ring of wizardry (right tentacle)
Wands
 B - a wand of flame (26)
 D - a wand of roots (11)
Scrolls
 b - 3 scrolls of fear
 f - 3 scrolls of identify
 l - 2 scrolls of blinking
 n - 3 scrolls of fog
 o - a scroll of teleportation
 r - 4 scrolls of magic mapping
 t - 2 scrolls of enchant armour
 u - a scroll of amnesia
 x - a scroll of summoning
 A - 3 scrolls of immolation
 G - a scroll of silence
Potions
 e - 2 potions of curing
 g - a potion of brilliance
 h - a potion of cancellation
 i - 2 potions of might
 k - 4 potions of attraction
 m - 2 potions of lignification
 p - 2 potions of berserk rage
 s - 2 potions of flight
Miscellaneous
 a - a piece from Xom's chessboard (14/15) (quivered)


   Skills:
 + Level 8.3 Fighting
 * Level 10.8 Maces & Flails
 + Level 7.0 Dodging
 + Level 9.5 Stealth
 + Level 6.6 Shields
 - Level 3.1 Unarmed Combat
 + Level 2.7 Evocations


You had 10 spell levels left.
You didn't know any spells.
Your spell library contained the following spells:

 Spells                   Type           Power      Damage    Failure   Level
 Foxfire                  Conj/Fire      0%         2x1d4     16%         1
 Sublimation of Blood     Necr           0%         N/A       22%         2
 Wereblood                Tmut           0%         N/A       22%         2
 Summon Guardian Golem    Hex/Summ       0%         N/A       38%         3
 Vhi's Electric Charge    Tloc/Air       0%         N/A       38%         3
 Arcjolt                  Conj/Air       0%         1d10      98%         5
 Blade Hands              Tmut           0%         N/A       98%         5
 Fireball                 Conj/Fire      0%         3d3       98%         5
 Irradiate                Conj/Tmut      0%         3d11      98%         5
 Plasma Beam              Fire/Air       0%         2x1d11    100%        6
 Starburst                Conj/Fire      0%         6d3       100%        6
 Dragon Form              Tmut           0%         N/A       100%        7
 Orb of Destruction       Conj           0%         9d5       100%        7
 Spellforged Servitor     Conj/Summ      0%         N/A       100%        7
 Summon Hydra             Summ           0%         N/A       100%        7


Dungeon Overview and Level Annotations

Branches:
Dungeon (9/15)             Temple (1/1) D:6         Ossuary (visited)
   Lair: D:8-11         Orc: D:9-12

Altars:
Ashenzari
Cheibriados
Dithmenos
Elyvilon
Fedhas
Gozag
Hepliaklqana
Kikubaaqudgha
Makhleb
Nemelex Xobeh
Okawaru
Qazlal
Sif Muna
Trog
Uskayaw
Vehumet
Wu Jian
Xom
Yredelemnul
Zin
The Shining One

Shops:
D:6 *   D:8 *[*

Annotations:
D:6 exclusion: oklob plant
D:9 Erolcha


Innate Abilities, Weirdness & Mutations

You cannot wear most types of armour.
You are amphibious.
You can wear up to eight rings at the same time.
Your skin changes colour to match your surroundings (Stealth+).
Your rubbery body absorbs attacks. (AC +1, EV +1)
((You are camouflaged when in or above water. (Stealth+)))
You have tentacles for arms and can constrict up to eight enemies at once.
You have very sharp teeth.
You sometimes lose your temper in combat.
You expend magic power (3 MP) to strengthen your wands.
[You are very clumsy. (Dex -4)]
[You are very dopey. (Int -4)]


Message History

The raiju struggles to blink free from constriction. x2
The raiju blinks free!
You hit the raiju. You bite the raiju, but do no damage.
You squeeze the raiju, but do no damage.
The raiju is moderately wounded.
You constrict the raiju. The raiju closely misses you.
You hit the raiju.
The raiju is heavily wounded.
You constrict the raiju. The raiju bites you! The raiju shocks you. You resist.
* * * LOW HITPOINT WARNING * * *
You puncture the raiju!
You squeeze the raiju, but do no damage.
The raiju is almost dead.
You constrict the raiju.
You kill the raiju!
The raiju bursts into living lightning!
The living lightning hits you. You resist.
* * * LOW HITPOINT WARNING * * *
The raiju blinks!
You feel your dexterity returning.
You closely miss the raiju. Your grab misses the raiju.
The raiju is severely wounded.
The raiju bites you.
* * * LOW HITPOINT WARNING * * *
The raiju shocks you. You resist.
* * * LOW HITPOINT WARNING * * *
You hit the raiju. Your grab misses the raiju. Your bite misses the raiju.
The raiju is almost dead.
You block the raiju's attack.
You barely miss the raiju. You grab the raiju.
The raiju is almost dead.
You constrict the raiju, but do no damage.
The raiju bursts into living lightning!
The living lightning hits you! You resist.
* * * LOW HITPOINT WARNING * * *
The raiju struggles to blink free from constriction.
You barely miss the raiju.
The raiju is almost dead.
You constrict the raiju. The raiju bites you.
You die...

### #.#
#####.## ##
. #......#
.#. #
.#@###..
#...#.h†.#
# ♣~
##......# .
h #......#
≈~ #......#
.# .......#
#......#
### .#
#.#+##.###
. .
#.#......#.
#.#


You could see a raiju.

Vanquished Creatures
  A tentacled starspawn (Abyss:1)
  Erica (D:8)
  2 two-headed ogres (D:8)
  A salamander (Abyss:1)
  Maggie (D:6)
  The ghost of eelars the Slasher, an amateur MiBe of Trog (D:4)
  Prince Ribbit (D:5)
  2 raiju (Abyss:1)
  Sigmund (D:2)
  A large abomination (Abyss:1)
  2 wyverns
  A steam dragon (D:7)
  Menkaure (D:5)
  A water moccasin (D:7)
  Duvessa (D:5)
  2 ice beasts
  2 sky beasts
  2 ogres
  3 black bears
  4 kobold brigands
  Blork the orc (D:5)
  A bullfrog (D:6)
  2 gnoll sergeants
  2 small abominations (Abyss:1)
  10 scorpions
  3 wights (D:8)
  Dowan (D:5)
  3 killer bees (D:5)
  An electric eel (D:8)
  2 quasits (Abyss:1)
  3 jellies
  3 hounds
  4 orc priests
  A gnoll bouda (D:4)
  An iron imp (Abyss:1)
  3 iguanas
  4 scorpion zombies (Ossuary)
  3 sleepcaps
  8 orc wizards
  3 scorpion simulacra (D:4)
  3 mummies (Ossuary)
  21 gnolls
  7 adders
  2 hound simulacra (D:4)
  A shadow imp (D:7)
  3 white imps
  An ufetubus (D:4)
  3 dart slugs
  26 orcs
  10 ball pythons
  5 bats
  7 endoplasms
  3 giant cockroaches
  3 gnoll zombies (Ossuary)
  8 hobgoblins
  5 jackals (D:4)
  A frilled lizard (D:1)
  8 goblins
  28 kobolds
  4 kobold zombies (Ossuary)
  3 orc zombies (Ossuary)
  A quokka simulacrum (D:4)
  5 rats
248 creatures vanquished.

Vanquished Creatures (collateral kills)
  A large abomination (Abyss:1)
  A fire bat (Abyss:1)
  A centaur zombie (Ossuary)
  An orc zombie (Ossuary)
4 creatures vanquished.

Vanquished Creatures (others)
  A human (D:7)
  A butterfly (D:3)
  8 plants (D:6)
  2 starspawn tentacles (Abyss:1)
  8 toadstools (D:6)
20 creatures vanquished.

Grand Total: 272 creatures vanquished

Notes
Turn   | Place    | Note
-------+----------+-------------------------------------------
     0 | D:1      | Alarkh the Octopode Chaos Knight began the quest for the
                  | Orb.
     0 | D:1      | Reached XP level 1. HP: 16/16 MP: 1/1
   178 | D:1      | XOM: butterfly on damage
   214 | D:1      | Found a faded altar of an unknown god.
   239 | D:1      | XOM: divination: detect items
   265 | D:1      | XOM: divination: detect creatures
   278 | D:1      | Reached XP level 2. HP: 21/21 MP: 2/2
   288 | D:1      | Reached skill level 1 in Maces & Flails
   305 | D:1      | XOM: silly message
   503 | D:1      | You fall into a shaft and drop 1 floor!
   539 | D:2      | Reached skill level 2 in Maces & Flails
   539 | D:2      | Reached XP level 3. HP: 15/26 MP: 3/3
   540 | D:2      | Reached XP level 4. HP: 20/33 MP: 4/4
   543 | D:2      | Reached skill level 3 in Maces & Flails
   705 | D:2      | Noticed Sigmund
   707 | D:2      | Killed Sigmund
   708 | D:2      | Reached skill level 4 in Maces & Flails
   708 | D:2      | Reached XP level 5. HP: 38/38 MP: 5/5
   708 | D:2      | Reached XP level 6. HP: 44/44 MP: 6/6
   719 | D:2      | XOM: silly message
  1233 | D:1      | XOM: silly message
  1305 | D:1      | XOM: divination: magic mapping
  1585 | D:3      | XOM: divination: detect items
  1714 | D:3      | Found a bloodstained altar of Trog.
  1714 | D:3      | Found a shimmering altar of Xom.
  1961 | D:3      | XOM: smoke on damage
  2182 | D:3      | Found a white marble altar of Elyvilon.
  2253 | D:3      | Reached skill level 5 in Maces & Flails
  2296 | D:3      | XOM is BORED!
  2380 | D:3      | XOM: noise
  2573 | D:4      | Noticed an ice beast
  2602 | D:4      | Found a sparkling altar of Nemelex Xobeh.
  2674 | D:4      | Found a sand-covered staircase.
  2679 | Ossuary  | Entered an ossuary
  2760 | Ossuary  | Reached skill level 1 in Stealth
  2795 | Ossuary  | XOM: divination: detect items
  2796 | Ossuary  | XOM: fog
  2801 | Ossuary  | Reached XP level 7. HP: 44/49 MP: 7/7
  2819 | Ossuary  | Reached skill level 1 in Shields
  2863 | Ossuary  | XOM: give mutations
  2863 | Ossuary  | Gained mutation: You sometimes lose your temper in combat.
                  | [Xom's mischief]
  2863 | Ossuary  | Gained mutation: You have very sharp teeth. [Xom's
                  | mischief]
  2949 | Ossuary  | XOM: summons friendly crimson imp
  2955 | Ossuary  | Reached skill level 5 in Fighting
  3121 | Ossuary  | Reached skill level 6 in Maces & Flails
  3121 | Ossuary  | XOM: enchant monster (bad)
  3126 | Ossuary  | Reached XP level 8. HP: 42/55 MP: 8/8
  3296 | D:4      | XOM: polymorph orc -> giant cockroach
  3566 | D:4      | XOM: silly message
  3573 | D:4      | Found a runed translucent gate.
  3573 | D:4      | Found a runed translucent gate.
  3573 | D:4      | Found a runed translucent gate.
  3611 | D:4      | Noticed eelars's ghost (amateur MiBe)
  3719 | D:4      | XOM: torment (32/56 hp)
  3985 | D:4      | XOM: cloud trail
  4108 | D:5      | Entered Level 5 of the Dungeon
  4309 | D:5      | Noticed Blork the orc
  4322 | D:5      | Killed Blork the orc
  4474 | D:5      | Reached skill level 7 in Maces & Flails
  4499 | D:5      | Noticed Prince Ribbit
  4528 | D:5      | Killed Prince Ribbit
  4529 | D:5      | Reached skill level 5 in Stealth
  4529 | D:5      | Reached XP level 9. HP: 21/62 MP: 9/9
  4628 | D:5      | XOM: 1-stop teleportation journey
  4735 | D:5      | XOM: 1-stop teleportation journey
  4829 | D:5      | XOM: 1-stop teleportation journey
  4859 | D:5      | Noticed Menkaure
  4863 | D:5      | Killed Menkaure
  4963 | D:5      | Noticed Dowan
  4964 | D:5      | Noticed Duvessa
  4964 | D:5      | XOM: divination: magic mapping
  4968 | D:5      | XOM: silly message
  5069 | D:5      | Killed Dowan
  5069 | D:5      | XOM: noise
  5079 | D:5      | Killed Duvessa
  5190 | D:5      | XOM: silly message
  5267 | D:5      | XOM: enchant monster (bad)
  5303 | D:5      | XOM: god gift: club {god gift}
  5413 | D:5      | XOM: noise
  5510 | D:5      | XOM: smoke on damage
  5551 | D:5      | XOM: silly message
  5671 | D:5      | XOM: smoke on damage
  5692 | D:5      | XOM: noise
  5737 | D:5      | XOM is BORED!
  5737 | D:5      | XOM: silly message
  5933 | D:6      | Found Zyzewn's Gadget Gallery.
  5955 | D:6      | Reached skill level 8 in Maces & Flails
  6020 | D:5      | XOM: silly message
  6130 | D:6      | Reached skill level 5 in Dodging
  6196 | D:6      | XOM: divination: detect creatures
  6432 | D:6      | XOM: silly message
  6471 | D:6      | Found a blossoming altar of Fedhas.
  6486 | D:6      | Noticed an oklob plant
  6734 | D:6      | Found a staircase to the Ecumenical Temple.
  6744 | D:6      | XOM: silly message
  6747 | D:6      | XOM: potion effect (might)
  6756 | Temple   | Entered the Ecumenical Temple
  6990 | Temple   | XOM is BORED!
  7091 | D:6      | Found a radiant altar of Vehumet.
  7095 | D:6      | Noticed Maggie
  7109 | D:6      | Killed Maggie
  7191 | D:6      | XOM: divination: detect items
  7569 | D:4      | XOM: potion effect (invisibility)
  7584 | D:4      | Killed eelars's ghost
  7585 | D:4      | Reached XP level 10. HP: 60/71 MP: 10/10
  7605 | D:4      | Reached skill level 5 in Shields
  7704 | D:6      | XOM: scenery: 1 doors close
  7742 | D:7      | XOM: potion effect (haste)
  7745 | D:7      | Reached skill level 9 in Maces & Flails
  7757 | D:7      | XOM: divination: magic mapping
  7940 | D:7      | XOM: silly message
  8375 | D:7      | Found a burning altar of Makhleb.
  8420 | D:7      | Found an ancient bone altar of Kikubaaqudgha.
  8518 | D:7      | XOM: silly message
  8659 | D:8      | Noticed a two-headed ogre
  8723 | D:8      | XOM: silly message
  8854 | D:7      | XOM: silly message
  8890 | D:8      | Noticed a two-headed ogre
  9073 | D:8      | Killed a two-headed ogre
  9163 | D:8      | XOM: god gift: 51 gold pieces
  9366 | D:8      | XOM: 1-stop teleportation journey
  9414 | D:8      | Found Tecuyhef's Armour Shop.
  9414 | D:8      | Found Wamywur's Assorted Antiques.
  9434 | D:8      | Bought a scroll of identify for 42 gold pieces
  9434 | D:8      | Bought a wand of roots (3) for 151 gold pieces
  9497 | D:8      | Killed a two-headed ogre
  9498 | D:8      | Reached skill level 10 in Maces & Flails
  9701 | D:8      | Found Tuashrue's General Store.
  9710 | D:8      | Bought a scroll of identify for 22 gold pieces
  9722 | D:8      | XOM: cleaving
 10000 | D:8      | Noticed Erica
 10017 | D:8      | Killed Erica
 10018 | D:8      | Reached skill level 1 in Evocations
 10018 | D:8      | Reached XP level 11. HP: 77/77 MP: 11/11
 10207 | D:8      | XOM: give mutation
 10207 | D:8      | Gained mutation: You expend magic power (3 MP) to
                  | strengthen your wands. [Xom's mischief]
 10229 | D:9      | Noticed Erolcha
 10236 | Abyss:1  | Cast into level 1 of the Abyss (Erolcha)
 10250 | Abyss:1  | Found a corrupted altar of Lugonu.
 10268 | Abyss:1  | Found a corrupted altar of Lugonu.
 10320 | Abyss:1  | Noticed a large abomination
 10330 | Abyss:1  | Found a corrupted altar of Lugonu.
 10330 | Abyss:1  | Noticed a large abomination
 10339 | Abyss:1  | XOM: potion effect (might)
 10340 | Abyss:1  | Noticed a tentacled starspawn
 10341 | Abyss:1  | XOM: cast spell 'Summon Horrible Things'
 10345 | Abyss:1  | Killed a tentacled starspawn
 10358 | Abyss:1  | Killed a large abomination
 10393 | Abyss:1  | Noticed a salamander
 10399 | Abyss:1  | Noticed a wretched star
 10403 | Abyss:1  | Killed a salamander
 10404 | Abyss:1  | XOM: confuse monster(s)
 10477 | Abyss:1  | Found a corrupted altar of Lugonu.
 10498 | Abyss:1  | XOM: fog
 10510 | Abyss:1  | XOM: blink monster(s)
 10520 | Abyss:1  | Noticed a white draconian stormcaller
 10536 | Abyss:1  | Found a corrupted altar of Lugonu.
 10548 | Abyss:1  | Noticed a wretched star
 10551 | Abyss:1  | Noticed a thrashing horror
 10561 | Abyss:1  | XOM: polymorph large abomination -> large abomination
 10594 | Abyss:1  | Noticed a wretched star
 10595 | Abyss:1  | XOM: enchant monster (good)
 10598 | Abyss:1  | XOM: destruction
 10600 | Abyss:1  | Noticed a large abomination
 10603 | Abyss:1  | XOM: summons friendly quasit
 10613 | Abyss:1  | Noticed a green draconian
 10669 | Abyss:1  | Noticed a tentacled starspawn
 10811 | Abyss:1  | XOM: scenery: summon butterflies
 10817 | Abyss:1  | XOM: confuse monster(s)
 10856 | Abyss:1  | Slain by a raiju

Illustrated notes

Levels and vault maps discovered:
D:1:      shiori_shiawase, layout_basic, shapermc_ecumenical_altar_acropolis,
          grunt_decor_junction, minmay_split_cup_large
D:2:      cheibrodos_pilgrimage, layout_loops_ring, minmay_misc_feat_encased,
          uniq_sigmund
D:3:      layout_basic, nicolae_elyvilon_peaceful_grove,
          gammafunk_temple_overflow_statue
D:4:      layout_loops_ring, lemuel_round_altar, gammafunk_ghost_icy,
          enter_ossuary_1, chequers_mini_garden, minmay_bisected
D:5:      layout_loops_corners, dk_noncrumbling_2, kennysheep_minor_cross,
          uniq_blork_the_orc, uniq_duvessa, uniq_menkaure, uniq_prince_ribbit1
D:6:      layout_basic, tgw_fedhas, kennysheep_mini_moat,
          minmay_temple_entry_overgrown, minmay_strange_pillars,
          grunt_ministairs_11, nicolae_shop_gadgets, uniq_maggie
D:7:      layout_basic, marbit_many_paths, tgw_kikubaaqudgha, minmay_holes
D:8:      layout_loops_cross, serial_shops, nicolae_shop_crystal,
          nicolae_wooded_promenade, uniq_erica
D:9:      nzn_winding_woodlands_large [nzn_winding_woodlands_5x5_default,
          nzn_winding_woodlands_5x15_pathside_ponds,
          nzn_winding_woodlands_hourglass,
          nzn_winding_woodlands_center_triple_pond,
          nzn_winding_woodlands_15x15_thick_spiral,
          nzn_winding_woodlands_center_diamonds,
          nzn_winding_woodlands_5x5_cross,
          nzn_winding_woodlands_5x15_river_crossing,
          nzn_winding_woodlands_5x5_perimeter], layout_stronghold, uniq_erolcha
Temple:   nicolae_temple_figure_eight
Abyss:1:  base: D:3, minivault_20, onia_ninara_dug_in_and_dangerous

Skill      XL: |  1  2  3  4  5  6  7  8  9 10 11 |
---------------+----------------------------------+-----
Maces & Flails | 2 4 5 6 7 8 10 | 10.8
Fighting       | 4 5 6 7 8 |  8.3
Stealth        | 1 3 5 7 8 9 |  9.5
Shields        | 2 3 4 6 |  6.6
Dodging        | 3 4 5 6 7 |  7.0
Evocations     | 1 2 |  2.7
Unarmed Combat | |  3.1

Action                     |  1- 3 |  4- 6 |  7- 9 | 10-12 || total
---------------------------+-------+-------+-------+-------++-------
  Melee: Whip              |    32 |   104 |   292 |   171 ||   599
         Tentacles         |    10 |    18 |    63 |    56 ||   147
         Constrict         |    10 |    24 |    70 |    40 ||   144
         Unarmed           |     2 |       |       |       ||     2
         Punch             |     2 |     2 |     7 |     7 ||    18
         Bite              |       |       |    41 |    30 ||    71
         Morningstar       |       |       |       |    55 ||    55
  Evoke: Piece from Xom's  |     4 |     4 |     3 |     4 ||    15
    Use: Scroll            |       |     8 |     4 |    12 ||    24
         Potion            |       |       |     3 |     7 ||    10
   Stab: Sleeping          |       |    10 |    13 |     8 ||    31
         Distracted        |       |     1 |     1 |     3 ||     5
         Invisible         |       |       |     2 |     9 ||    11
 Armour: Skin              |     5 |     2 |    11 |     8 ||    26
  Dodge: Dodged            |    17 |    44 |   122 |   111 ||   294
  Block: Buckler           |     7 |    25 |    61 |    65 ||   158
